AoeStats
← Ekaterina

Nomad

507885106Analyzed
4v4 RM · 12d ago on Sep 20, 2026· 85m 55s· 8 players
Game mode
Random Map
Map size
231×231
Population
200
Speed
Normal
Resources
Standard
Victory
Conquest
Starting age
Dark Age
Ending age
Imperial Age
RankedLock teamsTeams togetherTeam positionsShared explorationLock speedFull tech treeHidden civsTurbo modeCheats
Victory
Defeat
🇨🇴 Mongols · Colombia
955
+11
🇺🇸 Persians · United States
936
+12
🇮🇳 Byzantines · India
893
+14
🇹🇷 Poles · Türkiye
820
+17
🇨🇱 Vikings · Chile
949
-50
🇺🇾 Cumans · Uruguay
881
-15
🇬🇧 Vikings · United Kingdom
818
-12
🇺🇾 Magyars · Uruguay
751
-15
REALMorphzilla
5:12 Loom
16:42 Feudal Age
17:49 Double-Bit Axe
18:48 Fishing Lines
22:25 Wheelbarrow
23:29 Arson
24:23 Man-at-Arms
28:39 Town Watch
32:09 Castle Age
30:05 Horse Collar
33:13 Husbandry
33:24 Bloodlines
33:35 Caravan
33:50 Forging
33:46 Scale Barding Armor
39:36 Heavy Plow
40:00 Hand Cart
40:08 Gillnets
40:48 Demolition Ship
41:53 Fletching
42:04 Padded Archer Armor
42:40 Iron Casting
42:59 Gillnets
43:49 Town Patrol
Manav711
18:49 Feudal Age
21:08 Double-Bit Axe
26:21 Castle Age
27:49 Husbandry
27:56 Scale Barding Armor
28:44 Squires
29:34 Wheelbarrow
29:13 Bow Saw
29:15 Loom
36:12 Imperial Age
34:06 Fletching
35:36 Horse Collar
37:03 Heavy Camel Rider
38:26 Elite Skirmisher
39:12 Thumb Ring
41:30 Murder Holes
41:56 Ballistics
43:19 Two-Man Saw
42:21 Heavy Plow
42:46 Padded Archer Armor
43:50 Conscription
44:33 Pikeman
46:51 Chemistry
46:29 Bodkin Arrow
46:35 Scale Mail Armor
46:07 Halberdier
46:35 Arson
47:04 Forging
51:46 Hoardings
52:00 Chain Barding Armor
54:51 Crop Rotation
58:27 Plate Barding Armor
57:53 Bracer
65:09 Guilds
65:02 Caravan
65:08 Elite Cataphract
66:31 Logistica
67:24 Bombard Tower
71:13 Bracer
71:50 Iron Casting
71:31 Leather Archer Armor
71:32 Chain Mail Armor
71:36 Leather Archer Armor
78:51 Spies/Treason
83:02 Plate Mail Armor
83:02 Ring Archer Armor
84:57 Greek Fire
85:27 Redemption
golgi
16:24 Feudal Age
17:20 Double-Bit Axe
17:46 Fishing Lines
20:02 Scale Barding Armor
22:39 Bloodlines
24:13 Forging
26:35 Castle Age
27:18 Wheelbarrow
26:29 Loom
26:30 Town Watch
26:51 Light Cavalry
27:31 Husbandry
28:12 Chain Barding Armor
34:02 Hand Cart
34:56 Iron Casting
35:10 Murder Holes
35:36 Ballistics
36:02 Fletching
37:04 Bow Saw
39:36 Imperial Age
38:22 Bodkin Arrow
39:48 Padded Archer Armor
40:02 Horse Collar
40:26 Bracer
43:23 Szlachta Privileges
43:29 Szlachta Privileges
43:45 Conscription
44:51 Cavalier
47:47 Pikeman
48:27 Squires
48:13 Arson
53:58 Blast Furnace
52:59 Scale Mail Armor
53:45 Winged Hussar
55:20 Thumb Ring
60:52 Chain Mail Armor
60:52 Leather Archer Armor
60:28 Arrowslits
60:53 Masonry
63:02 Plate Mail Armor
62:20 Heavy Cavalry Archer
64:12 Gillnets
64:32 Medium Warships
65:16 Careening
65:59 Heavy Warships
70:40 Chemistry
69:52 Clinker Construction
71:32 Spies/Treason
72:25 Demolition Ship
mr.aaandrex
5:16 Loom
14:57 Feudal Age
16:19 Double-Bit Axe
16:16 Horse Collar
22:05 Castle Age
21:46 Bloodlines
23:00 Bow Saw
22:52 Heavy Plow
23:58 Padded Archer Armor
24:08 Gold Mining
26:53 Leather Archer Armor
27:24 Ballistics
28:17 Wheelbarrow
28:23 Gold Shaft Mining
28:16 Stone Mining
28:38 Husbandry
28:30 Fletching
30:47 Thumb Ring
31:39 Bodkin Arrow
31:55 Forging
32:29 Hand Cart
33:52 Town Watch
34:22 Murder Holes
37:12 Iron Casting
36:44 Scale Barding Armor
36:44 Town Patrol
38:41 Stone Shaft Mining
40:00 Nomads
40:37 Chain Barding Armor
42:49 Imperial Age
43:42 Bracer
44:43 Blast Furnace
45:10 Chemistry
44:43 Conscription
45:52 Elite Mangudai
51:34 Elite Steppe Lancer
Greenland Viking
13:02 Loom
16:37 Feudal Age
18:35 Fishing Lines
19:06 Town Watch
24:02 Castle Age
24:36 Gillnets
25:05 Squires
24:51 Gambesons
24:28 Man-at-Arms
25:30 Forging
25:21 Scale Mail Armor
27:29 Fletching
27:56 Chain Mail Armor
28:16 Iron Casting
30:17 Bodkin Arrow
31:16 Double-Bit Axe
31:56 Ballistics
31:48 Clinker Construction
31:20 Treadmill Crane
33:16 Bow Saw
32:58 Stone Mining
33:03 Gold Mining
33:39 Careening
33:43 Fortified Wall
40:22 Imperial Age
40:18 Town Patrol
42:22 Dry Dock
43:04 Chemistry
41:49 Long Swordsman
42:17 Arson
43:13 Conscription
45:25 Bogsveigar
45:39 Two-Handed Swordsman
47:40 Plate Mail Armor
46:56 Pikeman
47:45 Elite Cannon Galleon
49:26 Chieftains
53:53 Blast Furnace
52:54 Bracer
54:03 Elite Longship
55:20 Elite Berserk
56:14 Elite Berserk
57:23 Champion
58:40 Elite Skirmisher
60:45 Padded Archer Armor
62:25 Leather Archer Armor
64:07 Heavy Scorpion
67:53 Crossbowman
niminaroc
10:28 Loom
13:36 Feudal Age
15:07 Double-Bit Axe
17:18 Wheelbarrow
23:26 Castle Age
24:40 Stone Mining
24:40 Gold Mining
25:05 Bow Saw
28:24 Fletching
28:34 Padded Archer Armor
28:54 Horse Collar
29:20 Steppe Husbandry
29:24 Bodkin Arrow
30:00 Medium Warships
31:36 Ballistics
31:56 Hand Cart
32:54 Leather Archer Armor
33:53 Town Watch
36:43 Imperial Age
37:40 Scale Barding Armor
37:45 Forging
39:47 Bloodlines
40:32 Cavalier
41:57 Iron Casting
41:43 Chain Barding Armor
43:51 Two-Man Saw
42:37 Paladin
47:21 Town Patrol
Ekaterina
16:03 Feudal Age
17:01 Double-Bit Axe
25:11 Horse Collar
29:44 Castle Age
32:58 Heavy Plow
33:10 Bow Saw
35:44 Wheelbarrow
38:23 Scale Barding Armor
38:37 Hand Cart
39:07 Corvinian Army
50:50 Imperial Age
Sir Brinck
14:51 Loom
18:06 Feudal Age
18:14 Man-at-Arms
21:42 Town Watch
24:43 Double-Bit Axe
28:59 Castle Age
28:02 Horse Collar
29:01 Fletching
Connection lost

Rejoining the realm…

Still unreachable

The connection could not be restored.

Session expired

The server has moved on; the page needs a fresh start.